 Dungeon Crawl Stone Soup version 0.22-a0-619-ga0c6fd2ff5 (webtiles) character file.

1705 Chiseanne the Thaumaturge (level 8, -3/52 HPs)
             Began as a Demonspawn Wizard on July 14, 2018.
             Slain by an orc warrior
             ... wielding a +0 long sword
              (12 damage)
             ... on level 6 of the Dungeon.
             The game lasted 00:16:52 (6408 turns).

Chiseanne the Thaumaturge (Demonspawn Wizard)       Turns: 6408, Time: 00:16:52

Health: -3/52      AC: 12    Str:  7    XL:     8   Next: 73%
Magic:  13/22      EV: 12    Int: 22    God:
Gold:   255        SH:  0    Dex: 12    Spells: 18/27 levels left

rFire    + + .     SeeInvis .   a - +4 mace (protect)
rCold    + . .     Gourm    .   (no shield)
rNeg     . . .     Faith    .   u - +1 robe {rC+ rF+}
rPois    .         Spirit   .   b - +0 hat
rElec    .         Reflect  .   o - +0 cloak
rCorr    .         Harm     .   s - +0 pair of gloves
MR       .....                  (no boots)
Stlth    ++........             (no amulet)
HPRegen  0.17/turn              (no ring)
MPRegen  0.18/turn              (no ring)

@: protection aura, very slightly contaminated
A: fire resistance 1, spiny 1, sturdy frame 1
a: no special abilities


You were on level 6 of the Dungeon.
You were not hungry.

You visited 2 branches of the dungeon, and saw 7 of its levels.
You also visited: Sewer.

You collected 255 gold pieces.

Inventory:

Hand Weapons
 a - a +4 mace of protection (weapon)
 w - the +1 hunting sling "Gohausoc" {venom, rF+}
   (You found it on level 5 of the Dungeon)

   It poisons the ammo it fires.
   It protects you from fire.
 B - a +2 scimitar of holy wrath
Missiles
 g - 4 tomahawks
 i - 102 stones (quivered)
 j - 38 arrows
 l - 85 sling bullets
 q - 57 bolts
 r - 5 steel tomahawks
 y - a throwing net
Armour
 b - a +0 hat (worn)
 o - a +0 cloak (worn)
 s - a +0 pair of gloves (worn)
 u - a +1 robe of resistance (worn)
Scrolls
 c - a scroll of amnesia
 e - 7 scrolls of remove curse
 t - 3 scrolls of teleportation
 z - 3 scrolls of magic mapping
 A - a scroll of fear
 C - a scroll of fog
 D - 2 scrolls of blinking
Potions
 f - 3 potions of curing
 h - 2 potions of haste
 k - 5 potions of brilliance
 m - 3 potions of agility
 n - 2 potions of magic {unknown}
 p - 5 potions of heal wounds
 v - a potion of mutation {unknown}
Comestibles
 d - 12 rations


   Skills:
 - Level 2.2 Dodging
 - Level 2.3 Stealth
 * Level 10.3 Spellcasting
 - Level 1.7 Conjurations
   Level 1.0 Summonings
 - Level 0.8 Translocations


You had 18 spell levels left.
You knew the following spells:

 Your Spells              Type           Power        Failure   Level  Hunger
a - Magic Dart            Conj           ###.         2%          1    None
b - Blink                 Tloc           N/A          6%          2    None
c - Conjure Flame         Conj/Fire      ###.....     12%         3    None
d - Mephitic Cloud        Conj/Pois/Air  ##......     14%         3    None

Your spell library contained the following spells:

 Spells                   Type           Power        Failure   Level  Hunger
 Slow                     Hex            ##......     9%          2    None
 Call Imp                 Summ           ###.....     6%          2    None


Dungeon Overview and Level Annotations

Branches:
Dungeon (6/15)             Temple (1/1) D:6

Altars:
Cheibriados
Dithmenos
Fedhas
Gozag
Hepliaklqana
Makhleb
Nemelex Xobeh
Qazlal
Sif Muna
Trog
Uskayaw
Wu Jian
Xom
Yredelemnul
The Shining One

Annotations:
D:3 3 runed doors, alpinistek's ghost, weakling DsIE
D:6 Menkaure


Innate Abilities, Weirdness & Mutations

Your flesh is heat resistant. (rF+)
You are partially covered in sharp spines.
Your movements are slightly less encumbered by armour. (ER -2)


Message History

The orc warrior is almost dead.
The orc warrior barely misses you.
You hit the orc warrior but do no damage.
The orc warrior is almost dead.
The orc warrior completely misses you.
You hit the orc warrior but do no damage.
The orc warrior is almost dead.
The orc warrior barely misses you.
You hit the orc warrior but do no damage.
The orc warrior is almost dead.
The orc warrior hits you with a long sword!
You hit the orc warrior.
The orc warrior is almost dead.
The orc warrior hits you with a long sword!
You hit the orc warrior but do no damage.
The orc warrior is almost dead.
The orc warrior hits you with a long sword!
* * * LOW HITPOINT WARNING * * *
The orc warrior hits you with a long sword!
You die... ... #.# .o. #########.# ooo

........#.## #o#
...........### #o#
######†......# #o#
# ####.....#.# #o#
#
#..........###@##.#
#
#.................#
#
#.......[.#########
#
####.....#########
# #.............. #
#...###########
#####


You could see an orc warrior and 7 orcs.

Vanquished Creatures
  Pikel (D:4)
  Sigmund (D:5)
  An orc warrior (D:6)
  An ogre (D:4)
  Blork the orc (D:5)
  2 bullfrogs (Sewer)
  A scorpion (D:6)
  A howler monkey (D:4)
  A hound (D:3)
  3 orc priests
  A jelly (D:5)
  2 orc wizards
  A centaur skeleton (D:6)
  An iguana (D:6)
  A worker ant (D:6)
  4 gnolls (D:5)
  5 river rats (Sewer)
  13 adders
  A shadow imp (D:6)
  2 oozes
  4 worms
  A dart slug (D:1)
  5 leopard geckos
  9 orcs
  13 ball pythons
  10 giant cockroaches
  5 goblins
  9 hobgoblins
  3 quokkas
  8 bats
  3 frilled lizards
  8 kobolds
  28 rats
  A spectral orc (D:3)
151 creatures vanquished.

Vanquished Creatures (others)
  An adder skeleton (D:4)
1 creature vanquished.

Grand Total: 152 creatures vanquished

Notes
Turn   | Place    | Note
-------+----------+-------------------------------------------
     0 | D:1      | Chiseanne the Demonspawn Wizard began the quest for the Orb.
     0 | D:1      | Reached XP level 1. HP: 13/13 MP: 4/4
   627 | D:1      | Gained mutation: You are partially covered in sharp spines. [demonic ancestry]
   627 | D:1      | Reached XP level 2. HP: 8/19 MP: 0/6
  1201 | D:1      | Gained mutation: Your movements are slightly less encumbered by armour. (ER -2) [demonic ancestry]
  1201 | D:1      | Reached XP level 3. HP: 24/24 MP: 0/7
  1379 | D:1      | Learned a level 2 spell: Blink
  1383 | D:1      | Learned a level 3 spell: Mephitic Cloud
  2296 | D:2      | Reached skill level 4 in Spellcasting
  2296 | D:2      | Reached XP level 4. HP: 30/30 MP: 0/10
  2468 | D:2      | Found a hide-covered altar of Uskayaw.
  2524 | D:3      | Found a bloodstained altar of Trog.
  2707 | D:3      | Noticed alpinistek's ghost (weakling DsIE)
  3133 | D:3      | Found a runed gate.
  3138 | D:3      | Found a runed gate.
  3138 | D:3      | Found a runed gate.
  3265 | D:3      | Found a basalt altar of Yredelemnul.
  3417 | D:4      | Noticed Pikel
  3417 | D:4      | Noticed a slave
  3417 | D:4      | Noticed a slave
  3417 | D:4      | Noticed a slave
  3417 | D:4      | Noticed a slave
  3510 | D:4      | Reached skill level 5 in Spellcasting
  3510 | D:4      | Reached XP level 5. HP: 34/35 MP: 10/12
  3540 | D:4      | Noticed an ogre
  3547 | D:4      | Killed an ogre
  3619 | D:4      | Killed Pikel
  3619 | D:4      | Reached skill level 7 in Spellcasting
  3619 | D:4      | Reached XP level 6. HP: 25/41 MP: 2/16
  3619 | D:4      | Reached XP level 7. HP: 28/46 MP: 2/18
  3772 | D:4      | Found an ornate altar of the Wu Jian Council.
  4030 | D:4      | Reached skill level 8 in Spellcasting
  4037 | D:4      | Learned a level 3 spell: Conjure Flame
  4143 | D:5      | Entered Level 5 of the Dungeon
  4275 | D:5      | Noticed Sigmund
  4287 | D:5      | Killed Sigmund
  4287 | D:5      | Gained mutation: Your flesh is heat resistant. (rF+) [demonic ancestry]
  4287 | D:5      | Reached XP level 8. HP: 26/52 MP: 11/20
  4628 | D:5      | Got a polished hunting sling
  4630 | D:5      | Identified the cursed +1 hunting sling "Gohausoc" {venom, rF+} (You found it on level 5 of the Dungeon)
  4716 | D:5      | Noticed Blork the orc
  4721 | D:5      | Killed Blork the orc
  4721 | D:5      | Reached skill level 9 in Spellcasting
  4726 | D:5      | Found a deep blue altar of Sif Muna.
  5299 | D:6      | Found a glowing drain.
  5313 | Sewer    | Entered a sewer
  5912 | Sewer    | Reached skill level 10 in Spellcasting
  6067 | D:6      | Noticed Menkaure
  6255 | D:6      | Found a staircase to the Ecumenical Temple.
  6282 | Temple   | Entered the Ecumenical Temple
  6408 | D:6      | Slain by an orc warrior

Vault maps used:
D:1:      dpeg_arrival_more_subterranean_lakeside_camping
D:2:      lemuel_doored_altar, first_ration
D:3:      old_standard_altar, yredelemnul_forgotten_temple_becter,
          ebering_ghost_rock_garden
D:4:      lemuel_crystal_altar, uniq_pikel
D:5:      tgw_sif, wad_floor_pattern_untrapped, uniq_sigmund
D:6:      zin_academy, minmay_temple_entry_trees, serial_shops, shop_fountains,
          cheibrodos_sewer_entry_drain, uniq_crazy_yiuf_cottage,
          uniq_blork_the_orc, uniq_menkaure
Temple:   eino_wide_crystal_templ
Sewer:    sewer_minmay_w

Skill      XL: |  1  2  3  4  5  6  7  8 |
---------------+-------------------------+-----
Stealth        | 2 |  2.3
Dodging        | 2 |  2.2
Spellcasting   | 4 5 7 8 10 | 10.3
Conjurations   | |  1.7
Summonings     | |  1.0
Translocations | |  0.8

Action                   |  1- 3 |  4- 6 |  7- 9 || total
-------------------------+-------+-------+-------++-------
Melee: Short sword       |    28 |     1 |       ||    29
       Mace              |       |    20 |    44 ||    64
 Fire: Hunting sling     |       |       |    19 ||    19
 Cast: Magic Dart        |   105 |    50 |   203 ||   358
       Mephitic Cloud    |       |     5 |     8 ||    13
       Blink             |       |       |     7 ||     7
       Conjure Flame     |       |       |     4 ||     4
  Use: Scroll            |       |     6 |    12 ||    18
       Potion            |       |     2 |       ||     2
 Stab: Confused          |       |       |     1 ||     1
  Eat: Chunk             |     4 |     4 |     6 ||    14
       Ration            |       |       |     1 ||     1
Armor: Robe              |    11 |     8 |    20 ||    39
Dodge: Dodged            |    31 |    30 |    52 ||   113

Table legend:
 A = Spawn XP
 B = Non-spawn XP
 C = Spawn XP percentage of total XP
 D = Spawn monster count
 E = Non-spawn monster count
 F = Spawn count percentage of total count
 G = Total turns spent on level
                    A         B        C        D         E        F      G
               +---------+---------+-------+---------+---------+-------+---------
         Total |       0 |    2436 |   0.0 |       0 |     151 |   0.0 |  6408
               +---------+---------+-------+---------+---------+-------+---------
           D:1 |       0 |      50 |   0.0 |       0 |      23 |   0.0 |  1605
           D:2 |       0 |      55 |   0.0 |       0 |      21 |   0.0 |   919
           D:3 |       0 |      76 |   0.0 |       0 |      15 |   0.0 |   911
           D:4 |       0 |     982 |   0.0 |       0 |      13 |   0.0 |   764
           D:5 |       0 |     465 |   0.0 |       0 |      13 |   0.0 |   820
           D:6 |       0 |     410 |   0.0 |       0 |      18 |   0.0 |   588
         Sewer |       0 |     398 |   0.0 |       0 |      48 |   0.0 |   744
               +---------+---------+-------+---------+---------+-------+---------
